 Dungeon Crawl Stone Soup version 0.30-a0-595-g91969c0fa5 (webtiles) character file.

Game seed: 177475075385708459

101 vineage the Trooper (level 4, -1/29 HPs)
             Began as a Gargoyle Fighter on Jan 6, 2023.
             Slain by an orc
             ... wielding a +0 mace
              (5 damage)
             ... on level 3 of the Dungeon.
             The game lasted 00:03:15 (1180 turns).

vineage the Trooper (Gargoyle Fighter)              Turns: 1180, Time: 00:03:16

Health: -1/29      AC:  7    Str: 20    XL:     4   Next: 75%
Magic:  4/4        EV:  5    Int:  8    God:
Gold:   46         SH: 11    Dex:  9    Spells: 3/3 levels left

rFire   + . .      SeeInvis .    a - +0 flail
rCold   . . .      Faith    .    f - +0 tower shield
rNeg    + . .      Spirit   .    i - +0 scale mail
rPois   ∞          Reflect  .    (helmet restricted)
rElec   +          Harm     .    (no cloak)
rCorr   .          Rampage  .    (no gloves)
Will    .....                    (no boots) Stlth
                                 (no amulet)
HPRegen 0.24/turn                j - ring of protection from fire
MPRegen 0.09/turn                (no ring)

@: no status effects
A: sickness immunity, AC +3, negative energy resistance 1, electricity
resistance, torment resistance 1, petrification resistance, antennae 1, deformed
body, sense surroundings 1, weak 1
a: no special abilities


You were on level 3 of the Dungeon.
You visited 1 branch of the dungeon, and saw 3 of its levels.

You collected 46 gold pieces.

Inventory:

Hand Weapons
 a - a +0 flail (weapon)
Armour
 f - a +0 tower shield (worn)
 i - a +0 scale mail (worn)
Jewellery
 j - a ring of protection from fire (left hand)
Scrolls
 c - a scroll of teleportation
 l - 2 scrolls of immolation
Potions
 b - a potion of lignification {unknown}
 d - 3 potions of might
 h - a potion of haste {unknown}
 k - 4 potions of curing


   Skills:
 * Level 4.2 Fighting
 * Level 3.3 Maces & Flails
 + Level 3.7 Armour
 + Level 3.8 Shields


You had 3 spell levels left.
You didn't know any spells.
Your spell library was empty.

Dungeon Overview and Level Annotations

Branches:
Dungeon (3/15)

Altars:
The Shining One


Innate Abilities, Weirdness & Mutations

You are immune to sickness and miasma.
Your stone body is resilient. (AC +3)
You are immune to poison.
You resist negative energy. (rN+)
You are resistant to electric shocks. (rElec)
You are resistant to unholy torment.
You are immune to petrification.
You have a pair of small antennae on your head.
Armour fits poorly on your strangely shaped body.
You passively map a small area around you.
You are weak. (Str -2)


Message History

You kill the orc!
You hit the orc but do no damage. The orc hits you with a +0 whip.
You block the orc's attack.
You hit the orc.
The orc is heavily wounded.
You block the orc's attack. The orc barely misses you.
You hit the orc.
You kill the orc!
You barely miss the orc. The orc hits you but does no damage.
The orc hits you with a +0 mace.
You hit the orc but do no damage. The orc hits you with a +0 mace. x2
* * * LOW HITPOINT WARNING * * *
You are too injured to fight recklessly!
You are too injured to fight recklessly!
You are too injured to fight recklessly!
You are too injured to fight recklessly!
You are too injured to fight recklessly!
You are too injured to fight recklessly!
You are too injured to fight recklessly!
You are too injured to fight recklessly!
You are too injured to fight recklessly!
You are too injured to fight recklessly!
You are too injured to fight recklessly!
You are too injured to fight recklessly!
You are too injured to fight recklessly!
You are too injured to fight recklessly!
You are too injured to fight recklessly!
You are too injured to fight recklessly!
You hit the orc but do no damage. You block the orc's attack.
You barely miss the orc. The orc hits you but does no damage.
The orc hits you with a +0 mace.
* * * LOW HITPOINT WARNING * * *
You completely miss the orc. You block the orc's attack. x2
You hit the orc.
The orc is almost dead.
You block the orc's attack.
You barely miss the orc.
The orc is almost dead.
The orc hits you with a +0 mace.
You die...

#..####.####.####.##
##..#.###.#.#..##...#
#..#.8.###.⌠.#..†....
#..†#.#.###.#...#...#
#...##.#.#.##...##.##
##..###.⌠.###..###.#
#...###.###..## #†#
#..#.#♣#♣#.#., #.#
#.#@⌠.# #.⌠.# * #.#
#.o#.#♣ ♣#.#, * #.#
##.### *## #.# #.)##
,, ..# #.$(# * ...,
##.#..# #.##.... #.#
###.. , #.# # * * ,


You could see an orc.

Vanquished Creatures
  An orc wizard (D:3)
  2 adders (D:3)
  2 worms
  A dart slug (D:2)
  2 orcs (D:3)
  2 endoplasms
  2 giant cockroaches (D:2)
  7 goblins
  5 hobgoblins
  2 jackals (D:2)
  2 quokkas
  6 ball pythons
  2 bats (D:2)
  4 frilled lizards
  5 kobolds
  6 rats
51 creatures vanquished.

Notes
Turn   | Place    | Note
-------+----------+-------------------------------------------
     0 | D:1      | vineage the Gargoyle Fighter began the quest for the Orb.
     0 | D:1      | Reached XP level 1. HP: 14/14 MP: 1/1
   156 | D:1      | Reached XP level 2. HP: 19/19 MP: 2/2
   515 | D:2      | Reached XP level 3. HP: 24/24 MP: 3/3
   549 | D:2      | Found a glowing golden altar of the Shining One.
  1061 | D:2      | Gained mutation: You are partially covered in iridescent
                  | scales. (AC +2) [potion of mutation]
  1062 | D:2      | Lost mutation: You are partially covered in iridescent
                  | scales. (AC +2) [potion of mutation]
  1062 | D:2      | Gained mutation: You are occasionally teleported next to
                  | monsters. [potion of mutation]
  1062 | D:2      | Gained mutation: You are agile. (Dex +4, Str/Int -1)
                  | [potion of mutation]
  1062 | D:2      | Gained mutation: You expend magic power (3 MP) to
                  | strengthen your wands. [potion of mutation]
  1063 | D:2      | Lost mutation: You expend magic power (3 MP) to strengthen
                  | your wands. [potion of mutation]
  1063 | D:2      | Lost mutation: You are agile. (Dex +4, Str/Int -1) [potion
                  | of mutation]
  1063 | D:2      | Lost mutation: You are occasionally teleported next to
                  | monsters. [potion of mutation]
  1063 | D:2      | Gained mutation: You are clumsy. (Dex -2) [potion of
                  | mutation]
  1063 | D:2      | Gained mutation: Your mind is acute. (Int +4, Str/Dex -1)
                  | [potion of mutation]
  1063 | D:2      | Gained mutation: You have a pair of small horns on your
                  | head. [potion of mutation]
  1064 | D:2      | Lost mutation: You are clumsy. (Dex -2) [potion of
                  | mutation]
  1064 | D:2      | Lost mutation: Your mind is acute. (Int +4, Str/Dex -1)
                  | [potion of mutation]
  1064 | D:2      | Lost mutation: You have a pair of small horns on your head.
                  | [potion of mutation]
  1064 | D:2      | Gained mutation: You are weak. (Str -2) [potion of
                  | mutation]
  1064 | D:2      | Gained mutation: Armour fits poorly on your strangely
                  | shaped body. [potion of mutation]
  1064 | D:2      | Gained mutation: You are agile. (Dex +4, Str/Int -1)
                  | [potion of mutation]
  1064 | D:2      | Gained mutation: Your flesh is heat resistant. (rF+)
                  | [potion of mutation]
  1065 | D:2      | Lost mutation: You are agile. (Dex +4, Str/Int -1) [potion
                  | of mutation]
  1065 | D:2      | Lost mutation: Your flesh is heat resistant. (rF+) [potion
                  | of mutation]
  1065 | D:2      | Gained mutation: You passively map a small area around you.
                  | [potion of mutation]
  1065 | D:2      | Gained mutation: You have a pair of small antennae on your
                  | head. [potion of mutation]
  1095 | D:3      | Reached skill level 4 in Fighting
  1095 | D:3      | Reached XP level 4. HP: 29/29 MP: 4/4
  1180 | D:3      | Slain by an orc

Illustrated notes

Levels and vault maps discovered:
D:1:      lightli_arrival_noodles, layout_rooms
D:2:      layout_loops_ring, basic_altar, grunt_ministairs_8,
          kennysheep_another_room
D:3:      layout_loops_ring, mainiacjoe_overflow_cross_hatched,
          makhleb_altar_promises_db, amcnicky_altar_gilded, serial_shops, shop,
          amcnicky_mini_corridor_feature, roderic_roman_lattice,
          corexii_corridor_pit, grunt_decor_mini_mirrors

Skill      XL: |  1  2  3 |
---------------+----------+-----
Fighting       | 4 |  4.2
Maces & Flails | 3 |  3.3
Armour         | |  3.7
Shields        | |  3.8

Action                   |  1- 3 |  4- 6 || total
-------------------------+-------+-------++-------
Melee: Flail             |   107 |    29 ||   136
  Use: Scroll            |     7 |       ||     7
       Potion            |     5 |       ||     5
Armor: Scale mail        |    45 |    27 ||    72
Dodge: Dodged            |    23 |    10 ||    33
Block: Tower shield      |    75 |    25 ||   100
       Buckler           |     1 |       ||     1

Table legend: (Time is in decaauts)
 A = Elapsed time spent in this place.
 B = Non-inter-level travel time spent in this place.
 C = Inter-level travel time spent in this place.
 D = Time resting spent in this place.
 E = Time spent auto-exploring this place.
 F = Levels seen in this place.
 G = Mean time per level.
                   A        B        C        D        E       F      G
               +--------+--------+--------+--------+--------+-----+--------+
         Total |   1264 |   1215 |     49 |      0 |    797 |   3 |  421.3 |
       Dungeon |   1264 |   1215 |     49 |      0 |    797 |   3 |  421.3 |
               +--------+--------+--------+--------+--------+-----+--------+

Top non-repeatable levels by time:
     D:2: 713 daAuts
     D:1: 435 daAuts
     D:3: 115 daAuts
